 Dungeon Crawl Stone Soup version 0.29.1-13-g9f3cf754e1 (webtiles) character file.

Game seed: 6513913388035455347

83 javelincjr the Gusty (level 4, -1/33 HPs)
             Began as a Draconian Air Elementalist on Jan 26, 2023.
             Slain by Sigmund
             ... wielding a +0 scythe
              (11 damage)
             ... on level 2 of the Dungeon.
             The game lasted 00:10:46 (2297 turns).

javelincjr the Gusty (Draconian Air Elementalist)   Turns: 2297, Time: 00:10:48

Health: -1/33      AC:  5    Str: 11    XL:     4   Next: 22%
Magic:  4/8        EV: 12    Int: 17    God:
Gold:   77         SH:  0    Dex: 11    Spells: 2/8 levels left

rFire   . . .      SeeInvis .   d - +1 whip (freeze)
rCold   . . .      Faith    .   (no shield)
rNeg    . . .      Spirit   .   (body armour unavailable)
rPois   .          Reflect  .   (helmet restricted)
rElec   .          Harm     .   (no cloak)
rCorr   .          Rampage  .   (no gloves)
Will    .....                   (no boots)
Stlth   ++........              (no amulet)
HPRegen 0.11/turn               (no ring)
MPRegen 0.11/turn               (no ring)

@: no status effects
A: AC +5, unfitting armour, cold-blooded
a: no special abilities


You were on level 2 of the Dungeon.
You visited 1 branch of the dungeon, and saw 2 of its levels.

You collected 77 gold pieces.

Inventory:

Hand Weapons
 d - a +1 whip of freezing (weapon)
Scrolls
 b - a scroll of summoning {unknown}
 c - a scroll of poison {unknown}
 h - 3 scrolls of identify {unknown}
 i - 2 scrolls of blinking {unknown}
 j - a scroll of noise {unknown}
 k - a scroll of butterflies {unknown}
Potions
 a - a potion of magic
 e - 4 potions of curing {unknown}
 f - a potion of brilliance {unknown}
 g - a potion of heal wounds {unknown}
 l - a potion of haste {unknown}


   Skills:
 + Level 0.1 Fighting
 + Level 0.3 Maces & Flails
 + Level 2.0 Dodging
 + Level 2.0 Stealth
 + Level 2.9 Spellcasting
 + Level 1.9 Conjurations
 + Level 3.7 Air Magic


You had 2 spell levels left.
You knew the following spells:

 Your Spells              Type           Power      Damage    Failure   Level
a - Shock                 Conj/Air       48%        1d6       5%          1
b - Static Discharge      Conj/Air       12%        3-5/arc   9%          2
c - Swiftness             Air            15%        N/A       12%         3

Your spell library contained the following spells:

 Spells                   Type           Power      Damage    Failure   Level
 Airstrike                Air            7%         2d(2-18)  36%         4
 Conjure Ball Lightning   Conj/Air       6%         3x3d6     100%        6
 Discord                  Hex            1%         N/A       100%        8
 Disjunction              Tloc           1%         N/A       100%        8


Dungeon Overview and Level Annotations

Branches:
Dungeon (2/15)

Altars:

Shops:
D:1 :

Annotations:
D:2 Sigmund


Innate Abilities, Weirdness & Mutations

Your plain brown scales are hard. (AC +5)
You cannot fit into any form of body armour.
You are cold-blooded and may be slowed by cold attacks.


Message History

You kill the endoplasm!
The lightning grounds out.
You close the door.
Something unseen breaks down the door.
A magic dart appears from out of thin air!
The magic dart hits you!
Casting: Static Discharge (safe; 9% risk of failure)
Confirm with . or Enter, or press ? or * to list all spells.
Okay, then.
Something tries to affect you, but you resist.
You are confused.
You bump into the rock wall.
The endoplasm misses you. Something hits you but does no damage.
You feel less confused. The endoplasm freezes you.
You are frozen.
You feel yourself slow down. Something hits you.
You barely miss something. The endoplasm barely misses you.
Something hits you but does no damage. The endoplasm hits you.
You closely miss something. The endoplasm barely misses you.
Something hits you but does no damage. The endoplasm misses you.
You hit something but do no damage.
You feel yourself speed up. Something hits you but does no damage.
The endoplasm closely misses you.
Casting: Static Discharge (safe; 9% risk of failure)
Confirm with . or Enter, or press ? or * to list all spells.
The spell is quite dangerous to miscast (12% risk of failure)!
Continue anyway?
Okay, then.
Casting: Swiftness (quite dangerous; 12% risk of failure)
Confirm with . or Enter, or press ? or * to list all spells.
The endoplasm is struck by an arc of lightning.
The endoplasm is severely wounded.
Something is struck by an arc of lightning!
The endoplasm is struck by an arc of lightning.
You kill the endoplasm!
The lightning grounds out.
Something is struck by an arc of lightning.
You are struck by an arc of lightning.
Something is struck by an arc of lightning.
The lightning grounds out.
Something hits you!
You die...

#.#########...............#
#.# #...####.######.# #..
##### #.######. #.#
#..>..... # #####.######.
##### #.....#####
##...###...###...##
##.....##...##.....##
#.......#.{@#.......#
#..()...'...รท.......#
#.......#...#.......#
##.....##...##.....##
##...###...###...## #####
#...# #####
##...###...###...##
##.....##...##.....##
#.......#...#.......#


There were no monsters in sight!

Vanquished Creatures
  3 adders (D:2)
  2 dart slugs (D:1)
  7 bats
  8 endoplasms
  6 giant cockroaches
  2 goblins (D:2)
  6 hobgoblins
  A quokka (D:2)
  5 ball pythons
  2 frilled lizards
  2 kobolds
  4 rats
48 creatures vanquished.

Notes
Turn   | Place    | Note
-------+----------+-------------------------------------------
     0 | D:1      | javelincjr the Draconian Air Elementalist began the quest
                  | for the Orb.
     0 | D:1      | Reached XP level 1. HP: 14/14 MP: 3/3
   373 | D:1      | Reached XP level 2. HP: 18/20 MP: 0/5
   495 | D:1      | Found Xuwidax's Book Boutique.
   903 | D:1      | Found a faded altar of an unknown god.
   964 | D:1      | Reached XP level 3. HP: 26/26 MP: 4/6
  1971 | D:2      | Learned a level 2 spell: Static Discharge
  1975 | D:2      | Learned a level 3 spell: Swiftness
  1980 | D:2      | Reached XP level 4. HP: 32/33 MP: 3/8
  2265 | D:2      | Noticed Sigmund
  2297 | D:2      | Slain by Sigmund

Illustrated notes

Levels and vault maps discovered:
D:1:      dpeg_arrival_court, layout_basic, hellmonk_ecumenical_altar_lost_god,
          serial_shops, shop_statue, st_stairs_9
D:2:      kennysheep_six_static_rooms, layout_loops_ring, uniq_sigmund

Skill      XL: |  1  2  3 |
---------------+----------+-----
Stealth        | 2 |  2.0
Dodging        | 2 |  2.0
Fighting       | |  0.1
Maces & Flails | |  0.3
Spellcasting   | |  2.9
Conjurations   | |  1.9
Air Magic      | |  3.7

Action                   |  1- 3 |  4- 6 || total
-------------------------+-------+-------++-------
Melee: Unarmed           |     8 |       ||     8
       Tailslap          |     6 |       ||     6
       Whip              |    31 |     3 ||    34
 Cast: Shock             |    70 |    17 ||    87
       Static Discharge  |     1 |     3 ||     4
 Stab: Sleeping          |     1 |       ||     1
Armor: Skin              |    20 |     5 ||    25
Dodge: Dodged            |    31 |     7 ||    38
